 Dungeon Crawl Stone Soup version 0.28.0-1-gb440e238dd (webtiles) character file.

Game seed: 10770775279059731462

684 smarlow the Shield-Bearer (level 7, -7/63 HPs)
             Began as a Minotaur Fighter on Feb 28, 2022.
             Mangled by Edmund (8 damage)
             ... on level 5 of the Dungeon.
             The game lasted 00:07:10 (4192 turns).

smarlow the Shield-Bearer (Minotaur Fighter)        Turns: 4192, Time: 00:07:11

Health: -7/63      AC: 11    Str: 23    XL:     7   Next: 35%
Magic:  6/6        EV:  9    Int:  5    God:
Gold:   240        SH:  5    Dex:  9    Spells: 6/6 levels left

rFire   . . .      SeeInvis .   a - +0 war axe
rCold   . . .      Faith    .   c - +0 buckler
rNeg    . . .      Spirit   .   b - +0 scale mail
rPois   .          Reflect  .   (helmet restricted)
rElec   .          Harm     .   (no cloak)
rCorr   .          Rampage  .   v - +0 pair of gloves
Will    .....                   f - +1 pair of boots
Stlth   ..........              (no amulet)
HPRegen 0.20/turn               e - ring of flight
MPRegen 0.10/turn               m - ring of wizardry

@: mighty, flying
A: horns 2, retaliatory headbutt
a: no special abilities


You were on level 5 of the Dungeon.
You visited 1 branch of the dungeon, and saw 6 of its levels.

You collected 240 gold pieces.

Inventory:

Hand Weapons
 a - a +0 war axe (weapon)
Armour
 b - a +0 scale mail (worn)
 c - a +0 buckler (worn)
 f - a +1 pair of boots (worn)
 v - a +0 pair of gloves (worn)
Jewellery
 e - a ring of flight (left hand)
 m - a ring of wizardry (right hand)
Scrolls
 g - a scroll of magic mapping {unknown}
 h - 4 scrolls of identify {unknown}
 i - a scroll of fear {unknown}
 j - 2 scrolls of enchant armour {unknown}
 l - 2 scrolls of teleportation {unknown}
 n - a scroll of vulnerability {unknown}
 p - a scroll of blinking {unknown}
 w - a scroll of brand weapon {unknown}
Potions
 d - a potion of might
 k - 3 potions of curing {unknown}
 o - a potion of brilliance {unknown}
 q - 4 potions of heal wounds {unknown}
 r - 2 potions of haste {unknown}
 s - a potion of lignification {unknown}
 t - a potion of degeneration {unknown}
 u - a potion of flight {unknown}


   Skills:
 + Level 6.0 Fighting
 + Level 5.3 Axes
 + Level 6.0 Armour
 + Level 6.0 Shields


You had 6 spell levels left.
You didn't know any spells.
Your spell library contained the following spells:

 Spells                   Type           Power      Damage    Failure   Level
 Ignite Poison            Fire/Tmut/Pois 0%         N/A       86%         3
 Mephitic Cloud           Conj/Pois/Air  0%         N/A       86%         3
 Freezing Cloud           Conj/Ice/Air   0%         6-21      100%        5


Dungeon Overview and Level Annotations

Branches:
Dungeon (6/15)
 Temple: D:4-7

Altars:
Makhleb
Ru
Wu Jian
Yredelemnul
Zin

Annotations:
D:5 Edmund


Innate Abilities, Weirdness & Mutations

You have a pair of horns on your head.
You reflexively headbutt those who attack you in melee.


Message History

Edmund is moderately wounded.
Edmund barely misses you. You furiously retaliate!
You headbutt Edmund.
Edmund hits you with a +2 flail of protection.
You closely miss Edmund.
Edmund is moderately wounded.
Edmund hits you with a +2 flail of protection.
You hit Edmund but do no damage.
Edmund is moderately wounded.
Edmund hits you with a +2 flail of protection.
You hit Edmund but do no damage.
Edmund is moderately wounded.
Edmund hits you with a +2 flail of protection!
You hit Edmund.
Edmund is moderately wounded.
Edmund misses you.
Edmund hits you with a +2 flail of protection.
You hit Edmund but do no damage.
Edmund is moderately wounded.
Edmund closely misses you.
Edmund hits you with a +2 flail of protection.
* * * LOW HITPOINT WARNING * * *
Things that are here:
a +0 mace; an orc corpse You closely miss Edmund.
You headbutt Edmund, but do no damage.
Edmund is moderately wounded.
Edmund hits you with a +2 flail of protection!
* * * LOW HITPOINT WARNING * * *
You are too injured to fight recklessly!
You feel very mighty all of a sudden.
Edmund hits you with a +2 flail of protection.
* * * LOW HITPOINT WARNING * * *
You hit Edmund but do no damage.
Edmund is moderately wounded.
You block Edmund's attack.
Edmund hits you with a +2 flail of protection.
* * * LOW HITPOINT WARNING * * *
You hit Edmund but do no damage. You headbutt Edmund.
Edmund is heavily wounded.
Edmund hits you with a +2 flail of protection!
You die...

#.#....# #.#....#
#######+############
#≈≈≈≈≈≈.≈≈≈≈≈≈#
#≈...........≈#
#≈.....#...[.≈#
#≈.....#.....≈#
#≈.@#..#..#..≈#
#≈.@#.)#..# .≈#
#≈..###♣### .≈#
#≈.)#..#..#..≈#
#≈..#..#..#..≈#
#≈.....#.....≈#
#≈.....#.....≈#
#≈...........≈#
#≈≈≈≈≈≈.≈≈≈≈≈≈#
#######'############


You could see Edmund.

Vanquished Creatures
  A black bear (D:5)
  An ogre (D:4)
  A phantom (D:5)
  A howler monkey (D:5)
  A jelly (D:5)
  2 orc priests (D:4)
  A centaur skeleton (D:5)
  2 iguanas
  2 orc wizards (D:4)
  A hound skeleton (D:5)
  Robin (D:2)
  7 adders
  3 worms (D:2)
  2 dart slugs
  9 orcs
  8 endoplasms
  2 giant cockroaches (D:2)
  7 hobgoblins
  4 kobolds
  2 quokkas (D:2)
  4 ball pythons
  4 bats
  3 frilled lizards
  17 goblins
  6 rats
92 creatures vanquished.

Notes
Turn   | Place    | Note
-------+----------+-------------------------------------------
     0 | D:1      | smarlow the Minotaur Fighter began the quest for the Orb.
     0 | D:1      | Reached XP level 1. HP: 19/19 MP: 0/0
   346 | D:1      | Reached XP level 2. HP: 27/27 MP: 1/1
   813 | D:1      | Found a faded altar of an unknown god.
   937 | D:1      | You are sucked into a shaft and drop 1 floor!
  1136 | D:2      | Noticed Robin
  1145 | D:2      | Reached XP level 3. HP: 31/31 MP: 2/2
  1488 | D:2      | Reached XP level 4. HP: 41/41 MP: 3/3
  1764 | D:2      | Killed Robin
  2608 | D:4      | Reached XP level 5. HP: 47/47 MP: 4/4
  2853 | D:4      | Reached skill level 5 in Fighting
  2853 | D:4      | Reached skill level 5 in Shields
  2857 | D:4      | Reached skill level 5 in Armour
  2921 | D:4      | Noticed an ogre
  2927 | D:4      | Killed an ogre
  2927 | D:4      | Noticed an ogre
  2928 | D:4      | Reached XP level 6. HP: 35/56 MP: 5/5
  3512 | D:4      | Found an ornate altar of the Wu Jian Council.
  3512 | D:4      | Found a sacrificial altar of Ru.
  3513 | D:4      | Found a basalt altar of Yredelemnul.
  3513 | D:4      | Found a burning altar of Makhleb.
  3513 | D:4      | Found a glowing silver altar of Zin.
  3664 | D:3      | Identified the +2 short sword of Pirchocui {drain, Dex+2}
  3726 | D:5      | Entered Level 5 of the Dungeon
  4025 | D:5      | Reached skill level 5 in Axes
  4025 | D:5      | Reached XP level 7. HP: 57/62 MP: 6/6
  4168 | D:5      | Noticed Edmund
  4191 | D:5      | HP: 1/63 [Edmund (6)]
  4192 | D:5      | Mangled by Edmund

Illustrated notes

Levels and vault maps discovered:
D:1:      saegor_arrival_under_anarchy, layout_loops_corners,
          chequers_ecumenical_altar_grove, kennysheep_another_room,
          hangedman_abyss_or_decor_lesser_grid, minmay_pentomino_p4
D:2:      layout_rooms, serial_curves, eino_curves_03, eino_curves_03,
          uniq_robin
D:3:      layout_loops_ring, skrybe_limestone_x, kennysheep_generic_room_8
D:4:      layout_basic, grunt_temple_overflow_open, kennysheep_minor_cross
D:5:      layout_basic, serial_shops, shop_coins, chequers_arboretum,
          grunt_decor_mini_mirrors, kennysheep_generic_room_16, uniq_edmund
D:6:      layout_loops_ring, mainiacjoe_overflow_24_doors,
          minmay_temple_entry_statues_fountains, uniq_maggie

Skill      XL: |  1  2  3  4  5  6  7 |
---------------+----------------------+-----
Shields        | 4 5 6 |  6.0
Armour         | 4 5 6 |  6.0
Fighting       | 4 5 6 |  6.0
Axes           | 3 4 5 |  5.3

Action                   |  1- 3 |  4- 6 |  7- 9 || total
-------------------------+-------+-------+-------++-------
Melee: War axe           |    69 |   140 |    22 ||   231
       Headbutt          |     8 |    18 |     4 ||    30
  Use: Potion            |       |       |     1 ||     1
Armor: Scale mail        |    41 |    53 |     8 ||   102
Dodge: Dodged            |    29 |    66 |     6 ||   101
Block: Buckler           |    14 |    27 |     5 ||    46
